 Dungeon Sprint DCSS version 0.20.1-1-g8b1a95d (webtiles) character file.

1306 potatolord6000 the Envoy of Void (level 8, -9/44 HPs)
             Began as a Gargoyle Fire Elementalist on Sept 11, 2017.
             Was a High Priest of Lugonu.
             Hit by a large rock thrown by a cyclops (40 damage)
             ... in the Dungeon (Sprint VII: "The Pits").
             The game lasted 00:08:31 (1494 turns).

potatolord6000 the Envoy of Void (GrFE)             Turns: 1494, Time: 00:08:32

Health: -9/44      AC: 18    Str: 17    XL:     8   Next: 57%
Magic:  14/18      EV:  7    Int: 19    God:    Lugonu [*****.]
Gold:   0          SH:  0    Dex: 10    Spells: 11/21 levels left

rFire    . . .     SeeInvis .   s - +2 dire flail (protect)
rCold    . . .     Gourm    .   (shield currently unavailable)
rNeg     + . .     Faith    .   j - +3 chain mail
rPois    ∞         Spirit   .   (no helmet)
rElec    +         Reflect  .   (no cloak)
rCorr    .         Harm     .   (no gloves)
MR       .....     NoTele   +   (no boots)
Stlth    +.........             (no amulet)
Regen    0.2/turn               a - +3 ring of strength
MPRegen  0.2/turn               q - +3 ring of intelligence

@: slowed, very slow
A: negative energy resistance 1, electricity resistance, unbreathing,
petrification resistance, rot immunity, AC +5
a: Bend Space, Banish, Corrupt, Renounce Religion


You were in the Dungeon.
You worshipped Lugonu.
Lugonu was extremely pleased with you.
You were full.

You visited 1 branch

Inventory:

Hand Weapons
 s - a +2 dire flail of protection (weapon)
Armour
 j - a +3 chain mail (worn)
Jewellery
 a - a +3 ring of strength (left hand)
 q - a +3 ring of intelligence (right hand)
Scrolls
 i - a scroll of blinking
 l - 3 scrolls of remove curse
 m - 5 scrolls of amnesia
 n - a scroll of summoning
Potions
 d - 7 potions of curing
 e - 10 potions of heal wounds
 g - 4 potions of magic
 h - 2 potions of berserk rage
 k - a potion of invisibility
 r - 4 potions of brilliance
Books
 b - a book of Flames

   Spells                             Type                      Level
   a - Flame Tongue                   Conjuration/Fire             1
   b - Throw Flame                    Conjuration/Fire             2
   c - Conjure Flame                  Conjuration/Fire             3
   d - Inner Flame                    Hexes/Fire                   3
   e - Sticky Flame                   Conjuration/Fire             4
   f - Fireball                       Conjuration/Fire             5
Comestibles
 c - 8 bread rations
 o - 40 fruits
 p - 5 meat rations


   Skills:
 - Level 2.2 Fighting
 - Level 1.7 Maces & Flails
 - Level 5.0 Armour
 - Level 1.5 Dodging
 + Level 9.1 Stealth
 + Level 7.2 Spellcasting
 + Level 8.3 Conjurations
 + Level 8.1 Fire Magic
 + Level 10.1 Invocations


You had 11 spell levels left.
You knew the following spells:

 Your Spells              Type           Power        Failure   Level  Hunger
a - Flame Tongue          Conj/Fire      #####        4%          1    None
b - Throw Flame           Conj/Fire      #####.       7%          2    None
c - Inner Flame           Hex/Fire       ###.....     58%         3    #......
d - Sticky Flame          Conj/Fire      #####...     41%         4    ###....


Dungeon Overview and Level Annotations

Branches:
Dungeon (1/1)

Altars:
Ashenzari
Cheibriados
Dithmenos
Elyvilon
Fedhas
Gozag
Hepliaklqana
Kikubaaqudgha
Makhleb
Nemelex Xobeh
Okawaru
Qazlal
Ru
Sif Muna
Trog
Uskayaw
Vehumet
Xom
Yredelemnul
Zin
The Shining One
Beogh
Jiyva
Lugonu


Innate Abilities, Weirdness & Mutations

You are resistant to torment.
Your stone body is resilient. (AC +5)
You are immune to poison.
You resist negative energy. (rN+)
You are resistant to electric shocks. (rElec)
You can survive without breathing.
You are immune to petrification.
You are immune to rotting.


Message History

The cyclops shouts!
The wizard casts a spell at you. The bolt of cold hits you!
The wizard hits you but does no damage.
You closely miss the wizard. The wizard casts a spell at you.
You feel yourself slow down. The wizard hits you with a dagger.
Press: ? - help, Shift-Dir - straight line, f - wizard
Aim: a wizard, wielding a dagger and wearing a robe (chance to defeat MR: 57%)
The wizard is devoured by a tear in reality.
Lugonu claims a new guest.
Your Stealth skill increases to level 9!
Your Spellcasting skill increases to level 7!
Your Conjurations skill increases to level 8!
Your Fire Magic skill increases to level 8!
Your Invocations skill increases to level 10!
You feel somewhat less full.
The cyclops throws a large rock.
The large rock hits you!!!
Ouch! That really hurt!
You die...

....##.......##......#
#'####.......##....###
.†..##...<...##...##
....##.......##..##
....##.......##..#
######.......##..#
.#..###########..+
.#.############..#
.#)#....#..[[##§@#
.#)#....#..[[##.§#
.#.)....').))##§C§
.#'#....#!.))##....
.'.#....#...)##.....
#####################


You could see a cyclops.

Vanquished Creatures
  A deep elf mage (D)
  A floating eye (D)
  A sky beast (D)
  A big kobold (D)
  A scorpion (D)
  A killer bee (D)
  A hound (D)
  An iron imp (D)
  Terence (D)
  Jessica (D)
  4 gnolls (D)
  A river rat (D)
  A white imp (D)
  A worm (D)
  A leopard gecko (D)
  A ball python (D)
  A bat zombie (D)
  2 hobgoblins (D)
  3 kobolds (D)
  A jackal simulacrum (D)
26 creatures vanquished.

Vanquished Creatures (others)
  A wizard (D)
  A hippogriff (D)
  A wolf (D)
  A gnoll shaman (D)
4 creatures vanquished.

Grand Total: 30 creatures vanquished

Notes
Turn   | Place    | Note
-------+----------+-------------------------------------------
     0 | D        | potatolord6000 the Gargoyle Fire Elementalist began the quest for the Orb.
     0 | D        | Reached XP level 1. HP: 10/10 MP: 3/3
    43 | D        | Found a bloodstained altar of Trog.
    43 | D        | Found a deep blue altar of Sif Muna.
    43 | D        | Found a viscous altar of Jiyva.
    43 | D        | Found a hazy altar of Hepliaklqana.
    43 | D        | Found an opulent altar of Gozag.
    44 | D        | Found a glowing golden altar of the Shining One.
    44 | D        | Found a glowing silver altar of Zin.
    44 | D        | Found a basalt altar of Yredelemnul.
    44 | D        | Found a shimmering altar of Xom.
    44 | D        | Found a sacrificial altar of Ru.
    44 | D        | Found a stormy altar of Qazlal.
    44 | D        | Found an iron altar of Okawaru.
    44 | D        | Found a sparkling altar of Nemelex Xobeh.
    44 | D        | Found a burning altar of Makhleb.
    44 | D        | Found a blossoming altar of Fedhas.
    44 | D        | Found a white marble altar of Elyvilon.
    44 | D        | Found a shadowy altar of Dithmenos.
    44 | D        | Found a snail-covered altar of Cheibriados.
    48 | D        | Found a roughly hewn altar of Beogh.
    48 | D        | Found a corrupted altar of Lugonu.
    48 | D        | Found a radiant altar of Vehumet.
    49 | D        | Found a shattered altar of Ashenzari.
    49 | D        | Found an ancient bone altar of Kikubaaqudgha.
    49 | D        | Found a hide-covered altar of Uskayaw.
    57 | D        | Became a worshipper of Lugonu the Unformed
    57 | D        | Reached * piety under Lugonu
   140 | D        | Reached ** piety under Lugonu
   140 | D        | Reached skill level 1 in Invocations
   144 | D        | Reached skill level 1 in Fighting
   278 | D        | Noticed a floating eye
   280 | D        | Reached skill level 1 in Maces & Flails
   280 | D        | Reached XP level 2. HP: 17/17 MP: 1/5
   365 | D        | Paralysed by a floating eye for 2 turns
   370 | D        | Reached *** piety under Lugonu
   370 | D        | Reached skill level 2 in Invocations
   370 | D        | Reached XP level 3. HP: 18/21 MP: 1/7
   370 | D        | Paralysed by a floating eye for 3 turns
   377 | D        | Killed a floating eye
   377 | D        | Reached skill level 5 in Invocations
   377 | D        | Reached XP level 4. HP: 22/26 MP: 2/9
   377 | D        | Reached XP level 5. HP: 26/30 MP: 2/10
   461 | D        | Learned a level 2 spell: Throw Flame
   465 | D        | Learned a level 3 spell: Inner Flame
   470 | D        | Learned a level 4 spell: Sticky Flame
   472 | D        | Noticed a deep elf mage
   474 | D        | Noticed a big kobold
   509 | D        | Killed a deep elf mage
   509 | D        | Reached skill level 5 in Spellcasting
   509 | D        | Reached skill level 8 in Invocations
   509 | D        | Reached XP level 6. HP: 35/35 MP: 1/14
   509 | D        | Reached XP level 7. HP: 40/40 MP: 1/15
   538 | D        | Reached **** piety under Lugonu
   564 | D        | Reached skill level 5 in Armour
   849 | D        | Reached skill level 9 in Invocations
   900 | D        | Reached ***** piety under Lugonu
  1144 | D        | Noticed Terence
  1144 | D        | Noticed Jessica
  1147 | D        | Killed Jessica
  1171 | D        | Killed Terence
  1244 | D        | Noticed a hippogriff
  1248 | D        | Reached XP level 8. HP: 40/44 MP: 11/17
  1262 | D        | Banished a hippogriff
  1489 | D        | Noticed a wizard
  1490 | D        | Noticed a cyclops
  1494 | D        | Banished a wizard
  1494 | D        | Reached skill level 10 in Invocations
  1494 | D        | Hit by a large rock thrown by a cyclops

Skill      XL: |  1  2  3  4  5  6  7  8 |
---------------+-------------------------+-----
Invocations    | 1 2 5 8 9 10 | 10.1
Fighting       | 1 2 |  2.2
Maces & Flails | 1 |  1.7
Stealth        | 3 4 7 8 9 |  9.1
Conjurations   | 2 4 6 7 8 |  8.3
Spellcasting   | 3 5 6 7 |  7.2
Fire Magic     | 4 6 7 8 |  8.1
Armour         | 4 5 |  5.0
Dodging        | |  1.5

Action                   |  1- 3 |  4- 6 |  7- 9 || total
-------------------------+-------+-------+-------++-------
Melee: Mace              |    18 |       |       ||    18
       Flail             |       |     6 |   169 ||   175
       Dire flail        |       |       |    17 ||    17
 Cast: Flame Tongue      |    13 |       |     2 ||    15
       Throw Flame       |       |     1 |     5 ||     6
Invok: Banish            |       |     1 |     5 ||     6
       Bend Space        |       |       |     1 ||     1
  Use: Potion            |     3 |     2 |     1 ||     6
 Stab: Invisible         |       |     2 |     2 ||     4
  Eat: Meat ration       |       |       |     2 ||     2
Armor: Robe              |     8 |       |       ||     8
       Chain mail        |       |    10 |   265 ||   275
Dodge: Dodged            |    14 |     3 |   106 ||   123
